 Dungeon Crawl Stone Soup version 0.20.1-1-g8b1a95d (console) character file.

809 Kloppie the Basher (level 7, -2/60 HPs)
             Began as a Minotaur Gladiator on July 9, 2017.
             Slain by a centaur
             ... wielding a +0 quarterstaff
              (13 damage)
             ... on level 6 of the Dungeon.
             The game lasted 00:05:07 (4112 turns).

Kloppie the Basher (Minotaur Gladiator)             Turns: 4112, Time: 00:05:08

Health: -2/60      AC:  6    Str: 20    XL:     7   Next: 61%
Magic:  6/6        EV: 15    Int:  8    God:
Gold:   283        SH:  5    Dex: 12    Spells: 6/6 levels left

rFire    . . .     SeeInvis .   a - +0 flail
rCold    . . .     Gourm    .   (no shield)
rNeg     . . .     Faith    .   o - +0 ring mail
rPois    .         Spirit   .   c - +0 hat
rElec    .         Reflect  +   (no cloak)
rCorr    .         Harm     .   (no gloves)
MR       .....                  (no boots)
Stlth    +.........             s - +5 amulet of reflection
Regen    0.2/turn               m - +3 ring of evasion
MPRegen  0.1/turn               w - +3 ring of intelligence

@: no status effects
A: retaliatory headbutt, horns 2
a: no special abilities


You were on level 6 of the Dungeon.
You were very hungry.

You visited 1 branch of the dungeon, and saw 6 of its levels.

You collected 283 gold pieces.

Inventory:

Hand Weapons
 a - a +0 flail (weapon)
Missiles
 d - a throwing net (quivered)
Armour
 c - a +0 hat (worn)
 o - a +0 ring mail (worn)
Jewellery
 m - a +3 ring of evasion (left hand)
 s - a +5 amulet of reflection (around neck)
 w - a +3 ring of intelligence (right hand)
Wands
 x - a wand of lightning (5/15)
Scrolls
 e - 3 scrolls of fear
 i - 6 scrolls of teleportation
 j - 2 scrolls of amnesia
 l - a scroll of remove curse
Potions
 b - a potion of curing
 g - a potion of brilliance
 n - 3 potions of mutation
 q - a potion of agility
 u - 3 potions of berserk rage
Books
 h - a book of Flames

   Spells                             Type                      Level
   a - Flame Tongue                   Conjuration/Fire             1
   b - Throw Flame                    Conjuration/Fire             2
   c - Conjure Flame                  Conjuration/Fire             3
   d - Inner Flame                    Hexes/Fire                   3
   e - Sticky Flame                   Conjuration/Fire             4
   f - Fireball                       Conjuration/Fire             5
 r - a book of Cantrips

   Spells                             Type                      Level
   a - Confusing Touch                Hexes                        1
   b - Animate Skeleton               Necromancy                   1
   c - Summon Small Mammal            Summoning                    1
   d - Apportation                    Translocation                1
Comestibles
 f - 2 bread rations
 k - 3 meat rations
 v - a royal jelly


   Skills:
 - Level 4.7 Fighting
 - Level 8.3 Maces & Flails
 - Level 2.0 Throwing
 + Level 5.4 Armour
 - Level 3.2 Dodging


You had 6 spell levels left.
You didn't know any spells.

Dungeon Overview and Level Annotations

Branches:
Dungeon (6/15)
 Temple: D:4-7

Altars:
Qazlal
Trog
Xom


Innate Abilities, Weirdness & Mutations

You reflexively headbutt those who attack you in melee.
You have a pair of horns on your head.


Message History

You sock the phantom!
You destroy the phantom!
Your Armour skill increases to level 5!
The centaur shoots an arrow.
The arrow hits you!
* * * LOW HITPOINT WARNING * * *
The centaur unwields an uncursed shortbow.
The centaur wields an uncursed quarterstaff.
The centaur hits you with an uncursed quarterstaff.
* * * LOW HITPOINT WARNING * * *
You hit the centaur.
You headbutt the centaur, but do no damage.
The centaur is lightly wounded.
You block the centaur's attack. The centaur barely misses you.
You hit the centaur. Your headbutt misses the centaur.
The centaur is moderately wounded.
The centaur hits you but does no damage.
You hit the centaur.
The centaur is heavily wounded.
The centaur hits you with an uncursed quarterstaff!
You die...

............ #+ .## ...
............##.## #.. ..#
.......... ..... #.# #.#
.......[.# #..# #.# #.#
(.......(## #..####.# #.#
.......(..# .#.<..##.# #.#
..........##.#..#.##.# #.#
.........(c..#..#....###.##
........##@###..#..........
....c...##.###..#........##
........##..##..###########
........###)##.............
........# #†##.############
....... #.†#........
##.#.####### #...# ##..#


You could see a centaur.

Vanquished Creatures
  The ghost of Elsvaer the Skirmisher, an amateur HOMo (D:3)
  An ogre (D:6)
  3 phantoms
  A centaur (D:5)
  An orc priest (D:4)
  A hound (D:5)
  A worker ant (D:4)
  6 adders
  An ooze (D:4)
  An adder skeleton (D:4)
  3 worms
  2 dart slugs
  A leopard gecko (D:1)
  12 orcs
  2 ball pythons
  8 bats
  3 giant cockroaches
  7 goblins
  4 hobgoblins
  8 jackals
  A quokka (D:3)
  4 frilled lizards
  6 kobolds
  A quokka skeleton (D:4)
  4 rats
83 creatures vanquished.

Notes
Turn   | Place    | Note
-------+----------+-------------------------------------------
     0 | D:1      | Kloppie the Minotaur Gladiator began the quest for the Orb.
     0 | D:1      | Reached XP level 1. HP: 18/18 MP: 0/0
   534 | D:1      | Reached skill level 4 in Maces & Flails
   638 | D:1      | Reached XP level 2. HP: 21/25 MP: 1/1
  1071 | D:2      | Reached skill level 5 in Maces & Flails
  1074 | D:2      | Reached XP level 3. HP: 27/30 MP: 2/2
  1145 | D:2      | Found a shimmering altar of Xom.
  1855 | D:3      | Noticed Elsvaer's ghost (amateur HOMo)
  1892 | D:3      | Killed Elsvaer's ghost
  1892 | D:3      | Reached skill level 7 in Maces & Flails
  1892 | D:3      | Reached XP level 4. HP: 3/37 MP: 3/3
  1892 | D:3      | Reached XP level 5. HP: 4/42 MP: 4/4
  2152 | D:3      | Found a faded altar of an unknown god.
  2278 | D:3      | Found a stormy altar of Qazlal.
  2754 | D:4      | Noticed a phantom
  2767 | D:4      | Found a bloodstained altar of Trog.
  2772 | D:4      | Killed a phantom
  2772 | D:4      | Reached XP level 6. HP: 42/53 MP: 5/5
  3017 | D:4      | Reached skill level 8 in Maces & Flails
  3213 | D:5      | Entered Level 5 of the Dungeon
  3648 | D:5      | Reached XP level 7. HP: 12/60 MP: 6/6
  4108 | D:6      | Reached skill level 5 in Armour
  4112 | D:6      | Slain by a centaur

Skill      XL: |  1  2  3  4  5  6  7 |
---------------+----------------------+-----
Maces & Flails | 4 5 7 8 |  8.3
Fighting       | 4 |  4.7
Armour         | 2 5 |  5.4
Throwing       | |  2.0
Dodging        | |  3.2

Action                   |  1- 3 |  4- 6 |  7- 9 || total
-------------------------+-------+-------+-------++-------
Melee: Flail             |    96 |   102 |    34 ||   232
       Headbutt          |    12 |    15 |     9 ||    36
Throw: Throwing net      |     3 |       |     1 ||     4
  Use: Scroll            |       |       |    11 ||    11
  Eat: Chunk             |     3 |     5 |     1 ||     9
Armor: Leather armour    |    21 |       |       ||    21
       Ring mail         |    10 |    26 |     6 ||    42
Dodge: Dodged            |    75 |    74 |    17 ||   166
Block: Other             |       |    11 |    11 ||    22
       Reflection        |       |     1 |       ||     1
